AoeStats
← [CL] Al3jandr0.magn00

Arabia

505291161Analyzed
1v1 RM · 23d ago on Sep 8, 2026· 62m 52s· 2 players
Game mode
Random Map
Map size
Tiny (2 player)
Population
200
Speed
Normal
Resources
Standard
Victory
Conquest
Starting age
Dark Age
Ending age
Imperial Age
RankedLock teamsTeams togetherTeam positionsShared explorationLock speedFull tech treeHidden civsTurbo modeCheats
Victory
Defeat
🇦🇷 Tatars · Argentina
1940
+22
🇪🇸 Bohemians · Spain
2079
-22
[CL] Al3jandr0.magn00
6:03 Loom
9:01 Feudal Age
9:31 Double-Bit Axe
16:03 Fletching
20:29 Town Watch
26:10 Castle Age
24:59 Horse Collar
25:09 Gold Mining
26:31 Bloodlines
27:14 Scale Barding Armor
27:25 Bow Saw
29:45 Bodkin Arrow
35:06 Wheelbarrow
43:01 Imperial Age
41:17 Forging
41:33 Husbandry
42:16 Gold Shaft Mining
41:43 Heavy Plow
42:45 Silk Armor
44:01 Chain Barding Armor
45:21 Plate Barding Armor
45:14 Cavalier
48:43 Bracer
48:39 Light Cavalry
49:51 Padded Archer Armor
49:27 Hussar
52:58 Chemistry
53:51 Ballistics
53:46 Heavy Cavalry Archer
55:26 Leather Archer Armor
55:44 Stone Mining
57:21 Conscription
58:47 Timurid Siegecraft
62:59 Iron Casting
62:54 Ring Archer Armor
m4rco
5:35 Loom
9:23 Feudal Age
9:58 Double-Bit Axe
16:58 Fletching
23:40 Castle Age
23:18 Padded Archer Armor
24:25 Bodkin Arrow
24:55 Guard Tower
26:34 Bow Saw
26:46 Town Watch
31:41 Ballistics
32:41 Crossbowman
32:42 Elite Skirmisher
36:04 Fervor
37:06 Horse Collar
37:27 Town Patrol
38:02 Wheelbarrow
38:52 Sanctity
42:35 Imperial Age
42:06 Squires
43:38 Chemistry
45:32 Pikeman
46:13 Scale Mail Armor
51:53 Arson
53:40 Caravan
53:04 Halberdier
54:42 Chain Mail Armor
54:56 Forging
56:28 Plate Mail Armor
56:19 Bracer
58:41 Conscription
59:17 Leather Archer Armor
59:38 Iron Casting
62:39 Blast Furnace
Connection lost

Rejoining the realm…

Still unreachable

The connection could not be restored.

Session expired

The server has moved on; the page needs a fresh start.